 Dungeon Crawl Stone Soup version 0.29-a0-393-g47a863cc1b (webtiles) character file.

Game seed: 3121666356834468855

3 bande the Skirmisher (level 1, -1/14 HPs)
             Began as a Gargoyle Fighter on May 11, 2022.
             Slain by a hobgoblin (2 damage)
             ... on level 1 of the Dungeon.
             The game lasted 00:00:07 (45 turns).

bande the Skirmisher (Gargoyle Fighter)               Turns: 45, Time: 00:00:08

Health: -1/14      AC:  9    Str: 19    XL:     1   Next: 50%
Magic:  1/1        EV:  6    Int:  8    God:
Gold:   30         SH:  4    Dex:  9    Spells: 0/0 levels left

rFire   . . .      SeeInvis .   a - +0 war axe
rCold   . . .      Faith    .   c - +0 buckler
rNeg    + . .      Spirit   .   b - +0 scale mail
rPois   ∞          Reflect  .   (no helmet)
rElec   +          Harm     .   (no cloak)
rCorr   .          Rampage  .   (no gloves)
Will    .....                   (no boots)
Stlth   ..........              (no amulet)
HPRegen 0.04/turn               (no ring)
MPRegen 0.07/turn               (no ring)

@: constricted
A: sickness immunity, AC +2, negative energy resistance 1, electricity
resistance, torment resistance 1, petrification resistance
a: no special abilities


You were on level 1 of the Dungeon.
You visited 1 branch of the dungeon, and saw 1 of its levels.

You collected 30 gold pieces.

Inventory:

Hand Weapons
 a - a +0 war axe (weapon)
Armour
 b - a +0 scale mail (worn)
 c - a +0 buckler (worn)
Potions
 d - a potion of might


   Skills:
 + Level 3.4 Fighting
 + Level 1.8 Axes
 + Level 3.3 Armour
 + Level 3.3 Shields


You couldn't memorise any spells.
You didn't know any spells.
Your spell library was empty.

Dungeon Overview and Level Annotations

Branches:
Dungeon (1/15)

Altars:


Innate Abilities, Weirdness & Mutations

You are immune to sickness and miasma.
Your stone body is resilient. (AC +2)
You are immune to poison.
You resist negative energy. (rN+)
You are resistant to electric shocks. (rElec)
You are resistant to unholy torment.
You are immune to petrification.


Message History

You kill the goblin!
You block the goblin's attack.
The hobgoblin hits you but does no damage.
The ball python bites you but does no damage.
You block the ball python's attack.
The hobgoblin hits you but does no damage.
The goblin hits you but does no damage.
You barely miss the ball python. You closely miss the goblin.
You barely miss the hobgoblin. You block the ball python's attack.
The ball python grabs you. The ball python constricts you.
The goblin hits you but does no damage. The hobgoblin barely misses you.
The ball python barely misses you. The ball python constricts you.
Unknown command.
You closely miss the ball python. You closely miss the hobgoblin.
You closely miss the goblin. You block the hobgoblin's attack.
The goblin hits you with a +0 club. The ball python bites you.
The ball python constricts you. The goblin barely misses you.
The hobgoblin closely misses you.
Unknown command.
You closely miss the ball python. You hit the goblin.
You barely miss the hobgoblin. The ball python bites you.
The ball python constricts you. The goblin barely misses you.
The hobgoblin hits you but does no damage.
The ball python bites you but does no damage.
The ball python constricts you.
You hit the ball python.
The ball python is moderately wounded.
You barely miss the hobgoblin. You closely miss the goblin.
The ball python bites you but does no damage.
The ball python constricts you. The goblin hits you with a +0 club.
* * * LOW HITPOINT WARNING * * *
The hobgoblin barely misses you.
You hit the ball python.
The ball python is severely wounded.
You slash the goblin!
You kill the goblin!
You hit the hobgoblin but do no damage. The ball python bites you.
* * * LOW HITPOINT WARNING * * *
The ball python constricts you. The hobgoblin hits you.
You die...

## #....#........... #.
#.##...........#. #..
#.##.#.###....### #..
#†##.#.# #...... #...
#.##.#.. ...#.#..
.##...##.##.########....
............# ..
....##..#### .. #@.#
#gS)..(... #...###.##.
..#..# # #.##... ## #.##
#. #.


You could see a hobgoblin and a ball python.

Vanquished Creatures
  An endoplasm (D:1)
  A giant cockroach (D:1)
  2 goblins (D:1)
4 creatures vanquished.

Notes
Turn   | Place    | Note
-------+----------+-------------------------------------------
     0 | D:1      | bande the Gargoyle Fighter began the quest for the Orb.
     0 | D:1      | Reached XP level 1. HP: 14/14 MP: 1/1
    45 | D:1      | Slain by a hobgoblin

Illustrated notes

Levels and vault maps discovered:
D:1:      dpeg_arrival_more_subterranean_lakeside_camping, layout_loops_cross,
          dreamdust_ecumenical_altar_statues, st_stairs_3, chequers_jeans,
          minmay_tromino_v4_b

Action                   || total
-------------------------++-------
Melee: War axe           ||    15
Armor: Scale mail        ||    15
Dodge: Dodged            ||    14
Block: Buckler           ||     6

Table legend: (Time is in decaauts)
 A = Elapsed time spent in this place.
 B = Non-inter-level travel time spent in this place.
 C = Inter-level travel time spent in this place.
 D = Time resting spent in this place.
 E = Time spent auto-exploring this place.
 F = Levels seen in this place.
 G = Mean time per level.
                   A        B        C        D        E       F      G
               +--------+--------+--------+--------+--------+-----+--------+
         Total |     51 |     51 |      0 |      0 |     25 |   1 |   51.0 |
       Dungeon |     51 |     51 |      0 |      0 |     25 |   1 |   51.0 |
               +--------+--------+--------+--------+--------+-----+--------+

Top non-repeatable levels by time:
     D:1: 51 daAuts
